 Dungeon Crawl Stone Soup version 0.31-a0-263-ge8cad7f256 (webtiles) character file.

Game seed: 7719001531704438708

194824 Newt the Impaler (level 17, -7/129 HPs)
             Began as a Demonspawn Gladiator on July 13, 2023.
             Was the Champion of Okawaru.
             Killed by divine providence
             ... invoked by a meliai
              (14 damage)
             ... on level 3 of the Spider Nest.
             The game lasted 01:02:49 (30560 turns).

Newt the Impaler (Demonspawn Gladiator)            Turns: 30560, Time: 01:02:50

Health: -7/129     AC: 21    Str: 31    XL:     17   Next: 69%
Magic:  26/26      EV: 11    Int: 11    God:    Okawaru [******]
Gold:   288        SH: 20    Dex: 26    Spells: 16/16 levels left

rFire   + . .        u - +8 trident of the Ancient Ghosts {heavy, rPois rCorr Int-4 Dex+6}
rCold   + . .        Z - +2 kite shield {rC+}
rNeg    . . .        z - +1 chain mail of the Blessed Realm {+Blink rF+ Will+ Str+3}
rPois   +            c - +1 helmet {Int+3}
rElec   +            (cloak unavailable)
rCorr   +            W - +0 pair of gloves of Distant Shores {Regen+ Int+3 Dex+2}
SInv    .            y - +1 pair of boots
Will    +++..        m - amulet of reflection Stlth
                     h - ring of willpower
HPRegen 1.21/turn    o - +6 ring of strength
MPRegen 0.20/turn

%: reflection
@: studying Ice Magic
A: spiny 1, demonic magic 2, weakness stinger 3, agile 1, electricity resistance
}: 1/15 runes: barnacled
a: Renounce Religion, Evoke Blink, Heroism, Finesse, Duel


You were on level 3 of the Spider Nest.
You worshipped Okawaru.
Okawaru was exalted by your worship.
You visited 6 branches of the dungeon, and saw 28 of its levels.
You also visited: Bailey and Ice Cave.

You collected 3876 gold pieces.
You spent 3588 gold pieces at shops.

Inventory:

Hand Weapons
 a - a +4 demon trident of electrocution
 b - a +2 demon trident of venom
 u - the +8 trident of the Ancient Ghosts (weapon) {heavy, rPois rCorr Int-4 Dex+6}
   (You took it off an efreet on level 13 of the Dungeon)

   Int:       It affects your intelligence (-4).
   Dex:       It affects your dexterity (+6).
   rPois:     It protects you from poison.
   rCorr:     It protects you from acid and corrosion.
Missiles
 d - 4 throwing nets
 r - 46 poisoned darts
 s - 12 boomerangs (quivered)
 x - 12 javelins
 A - 5 atropa-tipped darts
 N - 14 silver javelins
Armour
 c - a +1 helmet of intelligence (worn)
 y - a +1 pair of boots (worn)
 z - the +1 chain mail of the Blessed Realm (worn) {+Blink rF+ Will+ Str+3}
   (Okawaru gifted it to you in a bailey)

   Str:       It affects your strength (+3).
   rF:        It protects you from fire.
   +Blink:    It lets you blink.
   Will:      It increases your willpower.
 W - the +0 pair of gloves of Distant Shores (worn) {Regen+ Int+3 Dex+2}
   (You found it in a bailey)

   Int:       It affects your intelligence (+3).
   Dex:       It affects your dexterity (+2).
   Regen:     It increases your rate of health regeneration.
 X - the +9 chain mail "Foemn" {rN+}
   (Okawaru gifted it to you on level 4 of the Lair of Beasts)

   rN:        It protects you from negative energy.
 Z - a +2 kite shield of cold resistance (worn)
Jewellery
 h - a ring of willpower (left hand)
 l - the amulet of Bytuom {Faith -Cast Fly Dex-4 SInv}
   (You found it on level 2 of the Spider Nest)

   [amulet of faith]

   It allows you to gain divine favour quickly.
   Dex:       It affects your dexterity (-4).
   SInv:      It lets you see invisible.
   Fly:       It grants you flight.
   -Cast:     It prevents spellcasting.
 m - an amulet of reflection (around neck)
 o - a +6 ring of strength (right hand)
 C - a ring of flight
 D - a ring of protection from cold
 R - a ring of protection from fire
Wands
 e - a wand of roots (45)
 i - a wand of flame (36)
 k - a wand of quicksilver (4)
 t - a wand of digging (1)
 w - a wand of paralysis (10)
 H - a wand of mindburst (10)
 I - a wand of polymorph (19)
Scrolls
 g - 2 scrolls of brand weapon
 v - 6 scrolls of identify
 B - 2 scrolls of fear
 E - 2 scrolls of poison
 G - 2 scrolls of revelation
 M - a scroll of silence
 O - 9 scrolls of teleportation
 V - 4 scrolls of blinking
Potions
 f - 8 potions of curing
 n - 5 potions of enlightenment
 p - 2 potions of invisibility
 J - 4 potions of berserk rage
 K - 6 potions of might
 P - 3 potions of resistance
 Q - a potion of heal wounds
 S - a potion of ambrosia
 T - 4 potions of haste
 U - 3 potions of cancellation
 Y - 3 potions of mutation
Miscellaneous
 j - a condenser vane
 q - a lightning rod (3/4)


   Skills:
 + Level 10.5 Fighting
 - Level 2.6(3.5) Short Blades
 - Level 3.5(4.0) Long Blades
 - Level 15.0 Polearms
 - Level 15.0 Throwing
 - Level 15.0 Armour
 - Level 2.6 Dodging
 - Level 3.0 Stealth
 - Level 8.0 Shields
 - Level 12.0 Invocations
 - Level 11.6 Evocations


You had 16 spell levels left.
You didn't know any spells.
Your spell library contained the following spells:

 Spells                   Type           Power      Damage    Failure   Level
 Apportation              Tloc           0%         N/A       83%         1
 Foxfire                  Conj/Fire      0%         2x1d4     83%         1
 Freeze                   Ice            0%         1d3       83%         1
 Magic Dart               Conj           0%         1d3       83%         1
 Necrotise                Necr           0%         1d4       83%         1
 Shock                    Conj/Air       0%         1d3       83%         1
 Sting                    Tmut/Pois      0%         1d3       83%         1
 Blink                    Tloc           0%         N/A       93%         2
 Ensorcelled Hibernation  Hex/Ice        0%         N/A       93%         2
 Passwall                 Tmut/Erth      0%         N/A       93%         2
 Poisonous Vapours        Pois/Air       0%         N/A       93%         2
 Frozen Ramparts          Ice            0%         1d1       99%         3
 Hailstorm                Conj/Ice       0%         3d3       99%         3
 Inner Flame              Hex/Fire       0%         N/A       99%         3
 Mephitic Cloud           Conj/Pois/Air  0%         N/A       99%         3
 Ozocubu's Armour         Ice            0%         N/A       99%         3
 Swiftness                Air            0%         N/A       99%         3
 Airstrike                Air            0%         2d(0-16)  100%        4
 Anguish                  Hex/Necr       0%         N/A       100%        4
 Cause Fear               Hex            0%         N/A       100%        4
 Flame Wave               Conj/Fire      0%         2d4       100%        4
 Manifold Assault         Tloc           0%         N/A       100%        4
 Olgreb's Toxic Radiance  Pois           0%         N/A       100%        4
 Sticky Flame             Conj/Fire      0%         2d3       100%        4
 Fireball                 Conj/Fire      0%         3d3       100%        5
 Freezing Cloud           Conj/Ice/Air   0%         6-21      100%        5
 Metabolic Englaciation   Hex/Ice        0%         N/A       100%        5
 Conjure Ball Lightning   Conj/Air       0%         3x3d6     100%        6
 Plasma Beam              Fire/Air       0%         2x1d10    100%        6
 Starburst                Conj/Fire      0%         6d3       100%        6
 Enfeeble                 Hex            0%         N/A       100%        7
 Ozocubu's Refrigeration  Ice            0%         4d7       100%        7
 Discord                  Hex            0%         N/A       100%        8
 Disjunction              Tloc           0%         N/A       100%        8
 Polar Vortex             Ice            0%         N/A       100%        9
 Summon Small Mammal      Summ           Unusable   N/A       N/A         1
 Call Imp                 Summ           Unusable   N/A       N/A         2
 Call Canine Familiar     Summ           Unusable   N/A       N/A         3
 Summon Guardian Golem    Hex/Summ       Unusable   N/A       N/A         3
 Summon Ice Beast         Ice/Summ       Unusable   N/A       N/A         4
 Simulacrum               Ice/Necr       Unusable   N/A       N/A         6
 Dragon's Call            Summ           Unusable   N/A       N/A         9

Dungeon Overview and Level Annotations

Branches:
Dungeon (13/15)            Temple (1/1) D:4            Lair (5/5) D:11
 Shoals (4/4) Lair:3       Spider (3/4) Lair:3        Slime (0/5) Lair:5
    Orc (2/2) D:11            Elf (0/3) Orc:2        Bailey (visited)
  IceCv (visited)
 Vaults: D:13-14

Altars:
Ashenzari
Cheibriados
Dithmenos
Fedhas
Gozag
Hepliaklqana
Kikubaaqudgha
Makhleb
Nemelex Xobeh
Okawaru
Qazlal
Ru
Sif Muna
Trog
Uskayaw
Vehumet
Wu Jian
Xom
Yredelemnul
Jiyva

Shops:
D:5 =   D:10 ?   D:12 (   Orc:1 [[:   Orc:2 =?[[


Innate Abilities, Weirdness & Mutations

You are partially covered in sharp spines.
Spells you cast may paralyse nearby enemies.
You have a sharp stinger which inflicts weakening toxins.
You are agile. (Dex +4, Str/Int -1)
You are resistant to electric shocks. (rElec)


Message History

The meliai hits you with a +0 war axe. You block the meliai's attack.
A tarantella comes into view.
You block the meliai's attack. x2; The meliai hits you with a +0 war axe.
The meliai misses you.
You puncture the meliai!
You kill the meliai!
Okawaru accepts your kill. The meliai is struck by your spines.
The meliai barely misses you.
The meliai stings you but does no damage.
Unknown command.
You hit the meliai.
The meliai is almost dead.
You block the meliai's attack. The meliai stings you.
You are poisoned.
The meliai poisons you!
A sun moth comes into view.
You block the culicivora's attack. You block the meliai's attack.
The meliai misses you. The meliai barely misses you.
The meliai closely misses you.
You feel very sick. You block the meliai's attack.
The meliai stings you but does no damage.
You block the meliai's attack. The meliai closely misses you.
Unknown command.
You feel very sick.
The meliai calls down the wrath of its god upon you.
Something smites you!
* * * LOW HITPOINT WARNING * * *
You block the culicivora's attack.
The meliai calls down the wrath of its god upon you.
Something smites you!
* * * LOW HITPOINT WARNING * * *
You feel better.
The meliai mumbles some strange prayers to its god against you.
Something smites you!
* * * LOW HITPOINT WARNING * * *
You block the culicivora's attack.
The meliai calls down the wrath of its god upon you.
Something smites you!
You die...

........## ....#....#
....#.##.# ## ..
...^...### ### #.#...
..^....# #####^##......
#......######..#..).......
.........#.###^^#.B#.y..^
<..#.#....#.##.#ys.y..#
.......#.#...#..@#........
.#.......^#.....#...#.....
....#......^.#......).#...
..........<.##..#.........
.#...^.#................#.
.................#.......
.....#........##.........
############### ########


You could see a sun moth, a radroach, a culicivora and 2 meliai.

Vanquished Creatures
  Jorgrun (Orc:2)
  Mlioglotl (Spider:2)
  Gastronok (Orc:1)
  Kirke (Shoals:3)
  Donald (Orc:2)
  An orc warlord (Orc:2)
  Louise (Shoals:1)
  A quicksilver ooze (Shoals:3)
  Azrael (D:12)
  A spark wasp (Spider:2)
  A merfolk javelineer (Shoals:4)
  4 merfolk impalers
  An entropy weaver (shapeshifter) (D:13)
  An entropy weaver (Spider:2)
  A salamander tyrant (D:10)
  An ice dragon (D:13)
  An ogre mage (Orc:1)
  2 hydras
  3 catoblepae (Lair:5)
  10 centaur warriors
  3 satyrs (Shoals:4)
  2 radroaches
  7 boulder beetles
  4 two-headed ogres
  A death knight (D:8)
  17 death yaks
  2 merfolk aquamancers (Shoals:4)
  2 death scarabs
  3 orc high priests
  2 tengu warriors
  3 demonic crawlers (Spider:1)
  Urug (Orc:1)
  Amaemon (Lair:2)
  A deep elf knight (D:13)
  6 skysharks
  6 skeletal warriors
  4 pharaoh ants
  10 sea snakes
  5 orb spiders
  A deep troll (Orc:1)
  2 bog bodies (IceCv)
  5 orc knights
  3 steelbarb worms
  25 harpies
  An oklob plant (Lair:2)
  2 deep elf pyromancers
  3 ugly things
  17 fauns
  2 orc sorcerers (Orc:2)
  13 manticores
  2 moths of wrath
  12 wolf spiders
  7 cyclopes
  Joseph (D:8)
  6 elephants (Lair:4)
  6 black mambas
  Maurice (D:8)
  6 slime creatures
  9 merfolk sirens
  An ice statue (IceCv)
  An orange demon (Lair:2)
  A gargoyle (D:13)
  2 torpor snails
  8 cane toads
  4 water nymphs
  2 kobold demonologists
  15 komodo dragons
  Maggie (Lair:2)
  A yaktaur (D:13)
  3 efreet (D:13)
  3 rime drakes
  A freezing wraith (D:13)
  A tengu conjurer (D:13)
  An ice devil (IceCv)
  10 trolls
  14 meliai
  4 polar bears
  26 merfolk
  5 wind drakes
  8 dream sheep
  5 tarantellas
  6 snapping turtles
  16 jumping spiders
  A centaur simulacrum (D:12)
  2 shadows
  12 culicivoras
  A vampire (D:13)
  3 wraiths
  4 water elementals
  A dire elephant simulacrum (IceCv)
  64 yaks
  3 wyverns (D:8)
  Eustachio (D:4)
  5 basilisks
  5 fire elementals
  3 vampire mosquitoes (D:8)
  2 fire bats (D:10)
  2 steam dragons
  4 hogs (Shoals:3)
  31 redbacks
  3 wargs (Orc:2)
  4 death yak simulacra (IceCv)
  A hydra simulacrum (IceCv)
  3 acid dragons
  Duvessa (D:4)
  18 water moccasins
  2 hell hounds (D:12)
  38 orc warriors
  7 black bears
  3 sky beasts (D:7)
  2 ice beasts (D:6)
  14 wolves
  21 centaurs
  13 ogres
  4 kobold brigands
  A phantom (D:6)
  9 bullfrogs
  2 gnoll sergeants
  3 cane toad simulacra (IceCv)
  6 two-headed ogre simulacra (IceCv)
  5 scorpions
  7 wights
  Dowan (D:4)
  9 killer bees
  4 electric eels
  An elephant simulacrum (IceCv)
  11 howler monkeys
  A gnoll bouda (D:7)
  2 hounds
  4 jellies
  Crazy Yiuf (D:4)
  14 orc priests
  3 iguanas
  20 orc wizards
  A sleepcap (D:8)
  2 hell rats (D:11)
  A spriggan simulacrum (IceCv)
  8 troll simulacra (IceCv)
  A polar bear simulacrum (IceCv)
  A wolf simulacrum (IceCv)
  14 adders
  9 gnolls
  4 naga simulacra (IceCv)
  A river rat (D:11)
  2 shadow imps (D:6)
  8 white imps
  8 ufetubi (IceCv)
  3 worms
  3 dart slugs
  68 orcs
  8 ball pythons
  10 endoplasms
  5 giant cockroaches
  20 goblins
  21 hobgoblins
  2 jackals (D:2)
  30 kobolds
  6 quokkas
  6 bats
  3 frilled lizards
  6 rats
1011 creatures vanquished.

Vanquished Creatures (others)
  Erica (Orc:1)
1 creature vanquished.

Grand Total: 1012 creatures vanquished

Notes
Turn   | Place    | Note
-------+----------+-------------------------------------------
     0 | D:1      | Newt the Demonspawn Gladiator began the quest for the Orb.
     0 | D:1      | Reached XP level 1. HP: 16/16 MP: 1/1
   321 | D:1      | Gained mutation: You have a small tail. [demonic ancestry]
   321 | D:1      | Reached XP level 2. HP: 23/23 MP: 2/2
  1154 | D:2      | Reached XP level 3. HP: 25/29 MP: 3/3
  1281 | D:2      | Reached skill level 1 in Stealth
  1381 | D:2      | Noticed an ogre
  1390 | D:2      | Killed an ogre
  1391 | D:2      | Reached XP level 4. HP: 32/37 MP: 4/4
  1395 | D:2      | Gained mutation: You have a tail ending in a sharp stinger.
                  | [demonic ancestry]
  1395 | D:2      | Reached XP level 5. HP: 37/42 MP: 5/5
  1545 | D:2      | Reached skill level 1 in Long Blades
  2061 | D:3      | Identified the +0 chain mail of Cheibriados's Favour
                  | {Dex+4}
  2583 | D:3      | Found a faded altar of an unknown god.
  2764 | D:4      | Noticed Duvessa
  2764 | D:4      | Noticed Dowan
  2782 | D:4      | Killed Duvessa
  2783 | D:4      | Gained mutation: You are partially covered in sharp spines.
                  | [demonic ancestry]
  2783 | D:4      | Reached XP level 6. HP: 12/48 MP: 6/6
  2784 | D:4      | Killed Dowan
  2785 | D:4      | Reached skill level 1 in Shields
  3110 | D:4      | Found a staircase to the Ecumenical Temple.
  3110 | D:4      | Noticed Eustachio
  3165 | D:4      | Killed Eustachio
  3166 | D:4      | Reached XP level 7. HP: 46/54 MP: 7/7
  3214 | Temple   | Entered the Ecumenical Temple
  3299 | Temple   | Became a worshipper of Warmaster Okawaru
  3824 | D:4      | Found a runed translucent door.
  3825 | D:4      | Noticed Crazy Yiuf
  3860 | D:4      | Killed Crazy Yiuf
  3910 | D:4      | Reached skill level 5 in Shields
  3941 | D:4      | Found an ancient bone altar of Kikubaaqudgha.
  3981 | D:4      | Reached * piety under Okawaru
  3982 | D:4      | Reached skill level 5 in Fighting
  4036 | D:4      | Reached skill level 1 in Polearms
  4036 | D:4      | Reached XP level 8. HP: 23/62 MP: 8/8
  4393 | D:5      | Entered Level 5 of the Dungeon
  4864 | D:5      | Found Kisextelat's Jewellery Boutique.
  5412 | D:6      | Reached skill level 5 in Polearms
  5713 | D:6      | Reached ** piety under Okawaru
  5795 | D:6      | Gained mutation: You have a sharp stinger which inflicts
                  | weakening toxins. [demonic ancestry]
  5795 | D:6      | Reached XP level 9. HP: 62/68 MP: 9/9
  6672 | D:7      | Reached *** piety under Okawaru
  7006 | D:7      | Reached skill level 10 in Polearms
  7006 | D:7      | Reached skill level 5 in Armour
  7006 | D:7      | Reached XP level 10. HP: 42/80 MP: 10/10
  7338 | D:8      | Noticed Maurice
  7347 | D:8      | Killed Maurice
  7365 | D:8      | Reached **** piety under Okawaru
  7366 | D:8      | Reached XP level 11. HP: 87/87 MP: 11/11
  7391 | D:8      | Received a gift from Okawaru
  7406 | D:8      | Found a sacrificial altar of Ru.
  7450 | D:8      | Reached skill level 10 in Fighting
  7473 | D:8      | Found a broken altar of Ashenzari.
  7473 | D:8      | Noticed Joseph
  7490 | D:8      | Killed Joseph
  7822 | D:8      | Noticed a tengu warrior
  7824 | D:8      | Noticed a death knight
  7836 | D:8      | Killed a tengu warrior
  7850 | D:8      | Killed a death knight
  7850 | D:8      | Reached ***** piety under Okawaru
  7851 | D:8      | Reached skill level 5 in Throwing
  8017 | D:8      | Received a gift from Okawaru
  8295 | D:8      | Noticed a skeletal warrior
  8297 | D:8      | Noticed a skeletal warrior
  8304 | D:8      | Killed a skeletal warrior
  8306 | D:8      | Noticed a skeletal warrior
  8308 | D:8      | Killed a skeletal warrior
  8319 | D:8      | Killed a skeletal warrior
  8640 | D:9      | Found a flagged portal.
  8650 | Bailey   | Entered a bailey
  8718 | Bailey   | Noticed an orc high priest
  8728 | Bailey   | Noticed a sun demon
  8729 | Bailey   | Killed an orc high priest
  9114 | Bailey   | Identified the +1 chain mail of the Blessed Realm {+Blink
                  | rF+ Will+ Str+3} (Okawaru gifted it to you in a bailey)
  9114 | Bailey   | Received a gift from Okawaru
  9197 | Bailey   | Found an iron altar of Okawaru.
  9209 | Bailey   | Noticed a sun demon
  9396 | Bailey   | Identified the +0 pair of gloves of Distant Shores {Regen+
                  | Int+3 Dex+2}
  9570 | Bailey   | Noticed an orc knight
  9581 | Bailey   | Killed an orc knight
  9582 | Bailey   | Reached XP level 12. HP: 82/97 MP: 12/12
  9734 | D:9      | Found an opulent altar of Gozag.
  9762 | D:9      | Found a sparkling altar of Nemelex Xobeh.
  9767 | D:9      | Reached skill level 1 in Invocations
  9924 | D:9      | Acquired a manual of Throwing
 10106 | D:9      | Found an opulent altar of Gozag.
 10173 | D:9      | Found a shadowy altar of Dithmenos.
 10446 | D:10     | Entered Level 10 of the Dungeon
 10468 | D:10     | Identified the +2 leather armour of Xeuxum {Harm Fly
                  | Stlth+}
 10475 | D:10     | Identified the +9 long sword of Dawkou {flame, rF+}
 10486 | D:10     | Reached skill level 5 in Invocations
 10638 | D:10     | Found a radiant altar of Vehumet.
 10655 | D:10     | Noticed a two-headed ogre
 10660 | D:10     | Killed a two-headed ogre
 10720 | D:10     | Noticed a salamander tyrant
 10720 | D:10     | Found the +7 great mace "Firestarter" {flame, immolate,
                  | rFlCloud rF++}
 10745 | D:10     | Killed a salamander tyrant
 10883 | D:10     | Noticed a two-headed ogre
 10889 | D:10     | Killed a two-headed ogre
 11063 | D:10     | Found a snail-covered altar of Cheibriados.
 11150 | D:10     | Found Asui's Magic Scroll Emporium.
 11158 | D:10     | Bought a scroll of acquirement for 624 gold pieces
 11158 | D:10     | Bought a scroll of identify for 24 gold pieces
 11159 | D:10     | Acquired 813 gold pieces
 11338 | D:11     | Noticed a death yak
 11345 | D:11     | Noticed a death yak
 11345 | D:11     | Noticed a death yak
 11351 | D:11     | Killed a death yak
 11359 | D:11     | Killed a death yak
 11370 | D:11     | Killed a death yak
 11370 | D:11     | Received a gift from Okawaru
 11384 | D:11     | Found a staircase to the Lair.
 11626 | D:11     | Noticed a centaur warrior
 11628 | D:11     | Found a staircase to the Orcish Mines.
 11640 | D:11     | Killed a centaur warrior
 11886 | D:11     | Noticed a two-headed ogre
 11890 | D:11     | Killed a two-headed ogre
 12016 | Lair:1   | Entered Level 1 of the Lair of Beasts
 12201 | Lair:1   | Gained mutation: Spells you cast may paralyse adjacent
                  | enemies. [demonic ancestry]
 12201 | Lair:1   | Reached XP level 13. HP: 103/103 MP: 19/19
 12361 | Lair:1   | Received a gift from Okawaru
 12473 | Lair:1   | Received a gift from Okawaru
 13073 | Lair:2   | Noticed Maggie
 13079 | Lair:2   | Killed Maggie
 13079 | Lair:2   | Reached ****** piety under Okawaru
 13138 | Lair:2   | Identified the +0 pair of gloves of the Barracuda {rF+ rN+
                  | Int+5} (Okawaru gifted it to you on level 2 of the Lair of
                  | Beasts)
 13138 | Lair:2   | Received a gift from Okawaru
 13537 | Lair:2   | Noticed Amaemon
 13544 | Lair:2   | Killed Amaemon
 13551 | Lair:2   | Reached skill level 10 in Throwing
 14184 | Lair:3   | Found a frozen archway.
 14197 | IceCv    | Entered an ice cave
 14812 | IceCv    | Identified the staff "Axajos" {rC+ Int+5 SInv Ice}
 15152 | Lair:3   | Found a staircase to the Shoals.
 15221 | Lair:3   | Received a gift from Okawaru
 15382 | Lair:3   | Found a hole to the Spider Nest.
 15759 | Lair:3   | Reached XP level 14. HP: 110/110 MP: 20/20
 15998 | Lair:4   | Identified the +9 chain mail "Foemn" {rN+} (Okawaru gifted
                  | it to you on level 4 of the Lair of Beasts)
 15998 | Lair:4   | Received a gift from Okawaru
 15999 | Lair:4   | Reached skill level 1 in Evocations
 16433 | Lair:4   | Reached skill level 5 in Evocations
 16803 | Lair:5   | Entered Level 5 of the Lair of Beasts
 16927 | Lair:5   | Found a staircase to the Slime Pits.
 16968 | Lair:5   | Found a viscous altar of Jiyva.
 17290 | Lair:5   | Reached skill level 10 in Armour
 17415 | Lair:5   | Received a gift from Okawaru
 18243 | Orc:1    | Entered Level 1 of the Orcish Mines
 18258 | Orc:1    | Found Pazig's Book Emporium.
 18293 | Orc:1    | Reached XP level 15. HP: 74/115 MP: 12/21
 18302 | Orc:1    | Found Deeb's Armour Shop.
 18387 | Orc:1    | Noticed Gastronok
 18400 | Orc:1    | Killed Gastronok
 18400 | Orc:1    | Received a gift from Okawaru
 18459 | Orc:1    | Found Rosareudd's Antique Armour Boutique.
 18584 | Orc:1    | Noticed Erica
 18602 | Orc:1    | Killed Erica
 18942 | Orc:2    | Entered Level 2 of the Orcish Mines
 18998 | Orc:2    | Found a shimmering altar of Xom.
 19091 | Orc:2    | Found Hiugidun's Jewellery Emporium.
 19097 | Orc:2    | Bought an amulet of reflection for 420 gold pieces
 19150 | Orc:2    | Noticed Donald
 19152 | Orc:2    | Received a gift from Okawaru
 19196 | Orc:2    | Killed Donald
 19224 | Orc:2    | Noticed Jorgrun
 19245 | Orc:2    | Killed Jorgrun
 19245 | Orc:2    | Received a gift from Okawaru
 19312 | Orc:2    | Found Vaac's Magic Scroll Shoppe.
 19312 | Orc:2    | Found Boillos's Armour Boutique.
 19312 | Orc:2    | Found Oquing's Armour Shop.
 19367 | Orc:2    | Found Wacidghus's Antique Armour Emporium.
 19371 | Orc:2    | Bought a scroll of identify for 32 gold pieces
 19371 | Orc:2    | Bought a scroll of identify for 32 gold pieces
 19371 | Orc:2    | Bought a scroll of identify for 32 gold pieces
 19371 | Orc:2    | Bought a scroll of identify for 32 gold pieces
 19413 | Orc:2    | Found a staircase to the Elven Halls.
 20018 | Orc:1    | Noticed Urug
 20031 | Orc:1    | Killed Urug
 20298 | Shoals:1 | Entered Level 1 of the Shoals
 20578 | Shoals:1 | Noticed Louise
 20605 | Shoals:1 | Killed Louise
 20911 | Shoals:2 | Reached skill level 10 in Evocations
 20944 | Shoals:2 | Identified the +1 glaive of Bread {freeze, +Blink rN+ Dex-5
                  | SInv} (Okawaru gifted it to you on level 2 of the Shoals)
 20944 | Shoals:2 | Received a gift from Okawaru
 21325 | Shoals:2 | Identified the +2 ring mail of Card Tricks {*Slow Regen+
                  | Str+2}
 21885 | Shoals:3 | Noticed Kirke
 21911 | Shoals:3 | Noticed a sphinx
 21912 | Shoals:3 | Killed Kirke
 22031 | Shoals:3 | Received a gift from Okawaru
 22580 | Shoals:3 | Identified the +0 robe of Love and Death {rCorr SInv}
                  | (Okawaru gifted it to you on level 3 of the Shoals)
 22580 | Shoals:3 | Received a gift from Okawaru
 22713 | Shoals:3 | Gained mutation: Spells you cast may paralyse nearby
                  | enemies. [demonic ancestry]
 22713 | Shoals:3 | Reached XP level 16. HP: 120/122 MP: 22/22
 23300 | Shoals:4 | Entered Level 4 of the Shoals
 23910 | Shoals:4 | Reached skill level 15 in Polearms
 23972 | Shoals:4 | Identified the +1 robe of the Stallion {Rampage rElec Dex-2
                  | Stlth+} (Okawaru gifted it to you on level 4 of the Shoals)
 23972 | Shoals:4 | Received a gift from Okawaru
 24179 | Shoals:4 | Got a barnacled rune of Zot
 24702 | Shoals:4 | Identified the +1 scimitar of Dibu {vamp, Dex+6}
 24710 | Shoals:4 | Reached skill level 15 in Throwing
 25032 | Orc:1    | Bought emerald-encrusted ice dragon scales for 2145 gold
                  | pieces
 25032 | Orc:1    | Identified the +1 ice dragon scales of Uteer {rF- rC++
                  | Int-5 Dex+4 Stlth+} (You bought it in a shop on level 1 of
                  | the Orcish Mines)
 25117 | D:12     | Noticed Azrael
 25125 | D:12     | Killed Azrael
 25268 | D:12     | Found Kolouwunt's Weapon Emporium.
 26345 | D:13     | Identified the +8 trident of the Ancient Ghosts {heavy,
                  | rPois rCorr Int-4 Dex+6}
 26532 | D:13     | Received a gift from Okawaru
 26616 | D:13     | Reached XP level 17. HP: 123/128 MP: 23/23
 26646 | D:13     | Identified the ring "Nepryam" {Ice rPois Int+3 Dex+4
                  | Slay-3}
 26751 | D:13     | Gained mutation: You are resistant to electric shocks.
                  | (rElec) [potion of mutation]
 26751 | D:13     | Gained mutation: You are agile. (Dex +4, Str/Int -1)
                  | [potion of mutation]
 27385 | Spider:1 | Entered Level 1 of the Spider Nest
 27742 | Orc:1    | Bought a glowing helmet for 247 gold pieces
 28106 | Spider:1 | Received a gift from Okawaru
 29299 | Spider:2 | Noticed Mlioglotl
 29343 | Spider:2 | Killed Mlioglotl
 29648 | Spider:2 | Reached skill level 15 in Armour
 29682 | Spider:2 | Received a gift from Okawaru
 29703 | Spider:1 | Reached skill level 10 in Invocations
 29847 | Spider:2 | Identified the amulet of Bytuom {Faith -Cast Fly Dex-4
                  | SInv}
 30560 | Spider:3 | Killed from afar by a meliai

Illustrated notes

Levels and vault maps discovered:
D:1:      minmay_arrival_nine_rooms, layout_loops_ring, chequers_avenue
D:2:      layout_basic, chequers_serial_rivers_micro_a, glass_columns_a,
          minmay_fractal_squares_5
D:3:      layout_basic, shapermc_ecumenical_altar_flowoftime
D:4:      layout_basic, mainiacjoe_overflow_chevrons, minmay_temple_entry_ruins,
          minmay_joined_circles, uniq_duvessa, uniq_eustachio,
          uniq_crazy_yiuf_cottage
D:5:      layout_loops_corners, serial_shops, kennysheep_little_box
D:6:      layout_basic
D:7:      layout_loops_cross, mainiacjoe_overflow_24_doors, eino_jars
D:8:      minmay_chambers_of_sevens, layout_basic,
          nicolae_overflow_crystal_walls, lemuel_tele_altar, serial_park_tiny_2,
          uniq_joseph, uniq_maurice
D:9:      layout_irregular_city, lemuel_round_altar, old_standard_altar,
          enter_bailey_3, hangedman_feature_mirror, minmay_orc_keep
D:10:     minmay_firetagon, layout_irregular_city, amcnicky_altar_gilded,
          fiery_altar_vehumet, serial_shops, shop,
          chequers_serial_rivers_room_b, grunt_ogre_cave, minivault_21
D:11:     layout_roguey, dpeg_lair_monsters, minmay_orc_entry_temple_small,
          minmay_fountain_box
D:12:     layout_gridville, serial_shops, nicolae_shop_gibbet_a_chance,
          uniq_azrael
D:13:     minmay_the_grid_triangle_9x9_recursive_3_mashed
          [minmay_the_grid_triangle_9x9_alien,
          minmay_the_grid_triangle_9x9_odd_lines,
          minmay_the_grid_triangle_9x9_skeleton,
          minmay_the_grid_triangle_9x9_prize_schism,
          minmay_the_grid_triangle_9x9_longest,
          minmay_the_grid_triangle_9x9_windchime,
          minmay_the_grid_triangle_9x9_zippers_vertical,
          minmay_the_grid_triangle_9x9_zippers_horizontal,
          minmay_the_grid_triangle_9x9_semitri], layout_cave_pods
Temple:   zaba_magenta_temple
Lair:1:   layout_chaotic_city, beast_lair_carwin_5
Lair:2:   layout_hall_layers, lemuel_fruit_fields, grunt_megastairs_2,
          infiniplex_staircase_pool, uniq_maggie, uniq_amaemon
Lair:3:   layout_long_grid, nicolae_shoals_entry_roost,
          nicolae_spider_entry_tight_spaces, portal_ice_cave_entry_pillars_2,
          st_stairs_12, grunt_forest_small_clearing_treed, grunt_megastairs_5,
          lemuel_fruit_tree
Lair:4:   layout_regular_city, st_stairs_4, grunt_megastairs_1
Lair:5:   evilmike_catoblepas_cave, layout_misc_corridors, slime_entry_1,
          nzn_sisyphean_effort, serial_bayou_shore_a
Shoals:1: layout_shoals, uniq_louise
Shoals:2: layout_shoals, ldierk_geyser
Shoals:3: layout_shoals, uniq_kirke
Shoals:4: shoals_end_grunt_garden, layout_shoals
Spider:1: layout_spider_delve
Spider:2: layout_spider_delve, uniq_mlioglotl
Spider:3: layout_spider_delve
Orc:1:    layout_diamond_mine, serial_shops, shop, guppyfry_orc_lava_fort,
          uniq_gastronok, uniq_erica, uniq_urug
Orc:2:    st_orc_rangers, layout_diamond_mine, serial_shops, shop, basic_altar,
          uniq_jorgrun, uniq_donald

Skill      XL: |  1  2  3  4  5  6  7  8  9 10 11 12 13 14 15 16 17 |
---------------+----------------------------------------------------+-----
Fighting       | 3 4 5 8 10 | 10.5
Stealth        | 3 |  3.0
Long Blades    | 3 |  3.5
Shields        | 3 5 6 8 |  8.0
Polearms       | 1 6 10 12 13 15 | 15.0
Armour         | 5 7 8 11 12 13 15 | 15.0
Throwing       | 6 13 15 | 15.0
Invocations    | 9 12 | 12.0
Evocations     | 6 11 | 11.6
Short Blades   | |  2.6
Dodging        | |  2.6

Action                     |  1- 3 |  4- 6 |  7- 9 | 10-12 | 13-15 | 16-18 || total
---------------------------+-------+-------+-------+-------+-------+-------++-------
  Melee: Rapier            |   128 |   150 |    89 |       |       |       ||   367
         Tailslap          |    10 |    23 |    36 |    76 |   194 |   109 ||   448
         Punch             |     2 |     1 |       |       |       |       ||     3
         Demon trident     |       |       |   178 |   586 |  1305 |   508 ||  2577
         Falchion          |       |       |     2 |       |       |       ||     2
         Trident           |       |       |       |       |       |   292 ||   292
  Throw: Throwing net      |     1 |     2 |     1 |     3 |       |     2 ||     9
         Javelin           |     1 |     1 |     2 |     8 |     5 |     7 ||    24
         Dart              |       |     4 |     5 |     3 |       |       ||    12
         Boomerang         |       |       |       |     8 |   122 |   269 ||   399
 Invoke: Heroism           |       |       |       |     1 |     3 |     2 ||     6
  Evoke: Wand              |       |       |       |       |     7 |       ||     7
         Lightning rod     |       |       |       |       |       |     2 ||     2
    Use: Scroll            |     1 |     9 |    10 |     6 |    19 |     2 ||    47
         Potion            |       |       |     2 |       |     6 |     3 ||    11
   Stab: Sleeping          |     1 |     2 |       |       |       |       ||     3
         Held in net/web   |     1 |     1 |       |     2 |       |     1 ||     5
         Petrifying        |       |       |       |       |     1 |       ||     1
         Petrified         |       |       |       |       |     1 |       ||     1
         Distracted        |       |       |       |       |       |     1 ||     1
 Armour: Leather armour    |    49 |    12 |       |       |       |       ||    61
         Chain mail        |       |   108 |    91 |   161 |   404 |   267 ||  1031
  Dodge: Dodged            |    70 |   135 |    80 |   154 |   304 |   213 ||   956
  Block: Buckler           |       |    22 |    68 |    15 |       |       ||   105
         Kite shield       |       |       |       |   194 |   690 |   653 ||  1537
         Reflection        |       |       |       |       |    75 |    69 ||   144

Table legend: (Time is in decaauts)
 A = Elapsed time spent in this place.
 B = Non-inter-level travel time spent in this place.
 C = Inter-level travel time spent in this place.
 D = Time resting spent in this place.
 E = Time spent auto-exploring this place.
 F = Levels seen in this place.
 G = Mean time per level.
                   A        B        C        D        E       F      G
               +--------+--------+--------+--------+--------+-----+--------+
         Total |  30237 |  27987 |   2250 |   5194 |  17077 |  30 | 1007.9 |
       Dungeon |  13179 |  12375 |    804 |   1240 |   8778 |  13 | 1013.8 |
        Temple |     98 |     55 |     43 |      0 |     50 |   1 |   98.0 |
          Lair |   5664 |   4853 |    811 |    467 |   3385 |   5 | 1132.8 |
        Shoals |   4657 |   4352 |    305 |   1349 |   2065 |   4 | 1164.2 |
   Spider Nest |   2816 |   2689 |    127 |   1041 |   1033 |   3 |  938.7 |
  Orcish Mines |   1900 |   1742 |    158 |    302 |   1067 |   2 |  950.0 |
        Bailey |   1029 |   1029 |      0 |    487 |    358 |   1 | 1029.0 |
      Ice Cave |    891 |    891 |      0 |    306 |    339 |   1 |  891.0 |
               +--------+--------+--------+--------+--------+-----+--------+

Top non-repeatable levels by time:
Spider:1: 1908 daAuts
     D:4: 1549 daAuts
Shoals:3: 1498 daAuts
    D:13: 1359 daAuts
Shoals:2: 1349 daAuts
  Lair:2: 1311 daAuts
  Lair:5: 1250 daAuts
     D:8: 1248 daAuts
Shoals:4: 1242 daAuts
  Lair:1: 1204 daAuts
   Orc:2: 1070 daAuts
     D:7: 1063 daAuts
  Bailey: 1029 daAuts
  Lair:3: 1000 daAuts
     D:1: 995 daAuts
